 Dungeon Crawl Stone Soup version 0.31-a0-965-g8a8ce12e04 (webtiles) character file.

Game seed: 15344722207194960567

1419 Pixllover the Ruffian (level 8, -18/61 HPs)
             Began as a Gnoll Shapeshifter on Oct 26, 2023.
             Demolished by an ogre
             ... wielding a +0 giant club
              (34 damage)
             ... on level 5 of the Dungeon.
             The game lasted 00:09:19 (3977 turns).

Pixllover the Ruffian (Gnoll Shapeshifter)          Turns: 3977, Time: 00:09:19

Health: -18/61     AC:  2    Str: 16    XL:     8   Next: 71%
Magic:  13/13      EV: 13    Int: 10    God:
Gold:   309        SH:  5    Dex: 11    Spells: 14/14 levels left

rFire   + .          .
                       - Unarmed
rCold   . . .        (shield currently unavailable)
rNeg    . . .        a - +0 animal skin
rPois   .            (no helmet)
rElec   .            (no cloak)
rCorr   .            (no gloves)
SInv    .            (no boots)
Will    .....        r - amulet of reflection
Stlth   +            s - ring of flight
HPRegen 0.30/turn    y - ring of protection from fire
MPRegen 0.13/turn

%: reflection
@: flux-form, flying, glowing
A: glow, contaminating, fangs 1, strong nose, distributed training
a: Begin Untransformation


You were on level 5 of the Dungeon.
You were something dangerously unstable.
You visited 1 branch of the dungeon, and saw 5 of its levels.
You also visited: Ossuary.

You collected 309 gold pieces.

Inventory:

Hand Weapons
 k - a +2 mace of holy wrath
Missiles
 g - 11 poisoned darts (quivered)
Armour
 a - a +0 animal skin (worn)
Jewellery
 r - an amulet of reflection (around neck)
 s - a ring of flight (left hand)
 y - a ring of protection from fire (right hand)
Talismans
 c - a beast talisman
 d - a flux talisman (active)
Scrolls
 b - a scroll of teleportation {unknown}
 f - 2 scrolls of brand weapon {unknown}
 h - a scroll of blinking {unknown}
 i - 5 scrolls of identify {unknown}
 m - 4 scrolls of poison {unknown}
 o - 2 scrolls of noise {unknown}
 t - a scroll of immolation {unknown}
 x - a scroll of enchant armour {unknown}
Potions
 e - 5 potions of curing
 j - a potion of invisibility {unknown}
 l - 4 potions of degeneration {unknown}
 n - a potion of resistance {unknown}
 p - 2 potions of ambrosia {unknown}
 q - a potion of might {unknown}
 u - a potion of brilliance {unknown}
 v - a potion of berserk rage {unknown}
 w - 2 potions of enlightenment {unknown}


   Skills:
 + Level 4.4 Fighting
 + Level 3.5 Short Blades
 + Level 3.5 Long Blades
 + Level 3.5 Axes
 + Level 3.5 Maces & Flails
 + Level 3.5 Polearms
 + Level 3.5 Staves
 + Level 3.5 Ranged Weapons
 + Level 3.5 Throwing
 + Level 3.5 Armour
 + Level 5.9 Dodging
 + Level 3.5 Stealth
 + Level 3.5 Shields
 + Level 7.5 Unarmed Combat
 + Level 3.5 Spellcasting
 + Level 2.9 Conjurations
 + Level 2.9 Hexes
 + Level 2.9 Summonings
 + Level 2.9 Necromancy
 + Level 2.9 Translocations
 + Level 2.9 Transmutations
 + Level 2.9 Fire Magic
 + Level 2.9 Ice Magic
 + Level 2.9 Air Magic
 + Level 2.9 Earth Magic
 + Level 2.9 Poison Magic
 + Level 3.9 Invocations
 + Level 3.5 Evocations
 + Level 7.3 Shapeshifting


You had 14 spell levels left.
You didn't know any spells.
Your spell library contained the following spells:

 Spells                   Type           Power      Damage    Failure   Level
 Magic Dart               Conj           28%        1d4       8%          1
 Shock                    Conj/Air       28%        1d4       8%          1
 Call Imp                 Summ           14%        N/A       12%         2
 Cigotuvi's Dreadful Rot  Necr/Pois/Air  14%        N/A       12%         2
 Mephitic Cloud           Conj/Pois/Air  7%         N/A       24%         3
 Swiftness                Air            7%         N/A       24%         3
 Airstrike                Air            3%         2d(1-17)  61%         4
 Dispel Undead            Necr           7%         3d8       61%         4
 Leda's Liquefaction      Hex/Erth       3%         N/A       61%         4
 Lee's Rapid Deconstruct  Erth           3%         3d5*      91%         5
 Bombard                  Conj/Erth      3%         9d1       100%        6
 Death Channel            Necr           3%         N/A       100%        6


Dungeon Overview and Level Annotations

Branches:
Dungeon (5/15)            Ossuary (visited)
 Temple: D:4-7

Altars:
Elyvilon

Shops:
D:2 =   D:4 (

Annotations:
D:3 2 transporters, flt's ghost, amateur DgFE


Innate Abilities, Weirdness & Mutations

You are something dangerously unstable.
You glow with magical radiation, making you easy to see and hit.
Foes you strike become dangerously contaminated with magical radiation.
You are incapable of wielding weapons or throwing items.
You have very sharp teeth.
Your uncanny sense of smell can sniff out nearby items.
Your experience applies equally to all skills.


Message History

The wight misses you.
You hit the wight.
The wight begins to glow.
The wight is moderately damaged.
You barely miss the wight.
The wight is moderately damaged.
You block the wight's attack. The wight hits you with a +0 scimitar!
You feel drained.
You hit the wight.
The wight glows dangerously bright.
The wight is moderately damaged.
The wight barely misses you. x2
You barely miss the wight.
The wight is moderately damaged.
The wight barely misses you. x2
You hit the wight.
The wight shudders as magic cascades through it!
You destroy the wight!
The wight barely misses you.
Your life force feels restored.
You hit the wight but do no damage.
The wight glows dangerously bright.
The wight is lightly damaged.
The wight barely misses you.
You hit the wight but do no damage.
The wight shudders as magic cascades through it!!
You destroy the wight!
Things that are here:
a +0 morningstar; a +0 robe
Found a stone staircase leading up.
An ogre comes into view. It is wielding a +0 giant club.
The ogre shouts!
You hear a shout!
An ogre comes into view. It is wielding a +0 giant spiked club.
The ogre shouts!
You hit the ogre.
The ogre begins to glow.
The ogre is lightly wounded.
The ogre hits you with a +0 giant club!!
* * * LOW HITPOINT WARNING * * *
You hit the ogre but do no damage.
The ogre glows dangerously bright.
The ogre is lightly wounded.
The ogre hits you with a +0 giant club!!
Ouch! That really hurt!
You die...

# #..#
#....... #.
#.#..#
##.#.###
######.
#.#..#####...#
.......
#.)...(.....##
.......
###..#####..#
#...O. ∆ #..#
#..# #<...
#..# #....
#....#####..#
##.###
#.OOp...).# .#
#########)# .#
#... .# ...##
∆ ...# #..##
#.#. #. .


You could see 2 ogres.

Vanquished Creatures
  Grinder (D:3)
  A water moccasin (D:5)
  2 ogres
  7 water moccasin zombies (Ossuary)
  2 wights (D:5)
  3 hounds (D:4)
  A gnoll bouda (D:3)
  An orc wizard (D:4)
  2 mummies (Ossuary)
  9 gnolls
  6 adders
  2 ufetubi (D:4)
  6 adder zombies (Ossuary)
  A worm (D:4)
  2 dart slugs
  4 orcs
  11 bats
  9 endoplasms
  4 giant cockroaches (D:2)
  17 goblins
  8 hobgoblins
  9 jackals
  A quokka (D:2)
  5 ball pythons
  A frilled lizard (D:2)
  6 gnoll zombies (Ossuary)
  8 hobgoblin zombies (Ossuary)
  6 kobolds
  8 kobold zombies (Ossuary)
  3 orc zombies (Ossuary)
  A rat (D:2)
147 creatures vanquished.

Notes
Turn   | Place    | Note
-------+----------+-------------------------------------------
     0 | D:1      | Pixllover the Gnoll Shapeshifter began the quest for the
                  | Orb.
     0 | D:1      | Reached XP level 1. HP: 17/17 MP: 1/1
   107 | D:1      | Reached XP level 2. HP: 18/23 MP: 2/2
   819 | D:2      | Reached XP level 3. HP: 16/28 MP: 3/3
   933 | D:2      | Reached skill level 1 in Invocations
   938 | D:2      | Reached skill level 1 in Short Blades
   938 | D:2      | Reached skill level 1 in Long Blades
   938 | D:2      | Reached skill level 1 in Axes
   938 | D:2      | Reached skill level 1 in Maces & Flails
   938 | D:2      | Reached skill level 1 in Polearms
   938 | D:2      | Reached skill level 1 in Staves
   938 | D:2      | Reached skill level 1 in Ranged Weapons
   938 | D:2      | Reached skill level 1 in Throwing
   938 | D:2      | Reached skill level 1 in Armour
   938 | D:2      | Reached skill level 1 in Stealth
   938 | D:2      | Reached skill level 1 in Shields
   938 | D:2      | Reached skill level 1 in Spellcasting
   938 | D:2      | Reached skill level 1 in Evocations
  1041 | D:2      | Found a faded altar of an unknown god.
  1049 | D:2      | Found Heuh's Jewellery Emporium.
  1173 | D:2      | Reached XP level 4. HP: 34/34 MP: 5/5
  1512 | D:3      | Reached skill level 1 in Conjurations
  1512 | D:3      | Reached skill level 1 in Hexes
  1512 | D:3      | Reached skill level 1 in Summonings
  1512 | D:3      | Reached skill level 1 in Necromancy
  1512 | D:3      | Reached skill level 1 in Translocations
  1512 | D:3      | Reached skill level 1 in Transmutations
  1512 | D:3      | Reached skill level 1 in Fire Magic
  1512 | D:3      | Reached skill level 1 in Ice Magic
  1512 | D:3      | Reached skill level 1 in Air Magic
  1512 | D:3      | Reached skill level 1 in Earth Magic
  1512 | D:3      | Reached skill level 1 in Poison Magic
  1607 | D:3      | Noticed Grinder
  1623 | D:3      | HP: 1/34 [gnoll/+0 club[a gnoll bouda] (5)]
  1639 | D:3      | Reached XP level 5. HP: 40/40 MP: 5/7
  1643 | D:3      | Killed Grinder
  1644 | D:3      | Reached skill level 5 in Dodging
  1644 | D:3      | Reached XP level 6. HP: 45/47 MP: 5/9
  1792 | D:3      | Found a transporter.
  1810 | D:3      | Noticed flt's ghost (amateur DgFE)
  1834 | D:3      | Found a white marble altar of Elyvilon.
  1906 | D:3      | Found a transporter.
  1956 | D:3      | Reached XP level 7. HP: 31/52 MP: 10/10
  2499 | D:4      | HP: 1/52 [something (3)]
  2630 | D:4      | Found Ulot Cotwya's Weapon Emporium.
  3415 | D:5      | Entered Level 5 of the Dungeon
  3432 | D:5      | Found a sand-covered staircase.
  3442 | Ossuary  | Entered an ossuary
  3494 | Ossuary  | Reached XP level 8. HP: 41/60 MP: 12/12
  3977 | D:5      | Demolished by an ogre

Illustrated notes

Levels and vault maps discovered:
D:1:      scummos_arrival_checkerplants, layout_loops_ring,
          kennysheep_minor_cross
D:2:      layout_rooms, basic_ecumenical_altar, serial_shops,
          nicolae_shop_statue_plus, kennysheep_generic_room_12
D:3:      layout_rooms, elyvilon_altar_5, gammafunk_ghost_stat_death,
          minmay_ogre_servants, uniq_grinder
D:4:      layout_loops_ring, serial_shops, shop
D:5:      layout_loops_ring, enter_ossuary_1, portal_sewer_entry_d,
          grunt_decor_cap

Skill      XL: |  1  2  3  4  5  6  7  8 |
---------------+-------------------------+-----
Invocations    | 1 2 3 |  3.9
Short Blades   | 1 2 3 |  3.5
Long Blades    | 1 2 3 |  3.5
Axes           | 1 2 3 |  3.5
Maces & Flails | 1 2 3 |  3.5
Polearms       | 1 2 3 |  3.5
Staves         | 1 2 3 |  3.5
Ranged Weapons | 1 2 3 |  3.5
Throwing       | 1 2 3 |  3.5
Armour         | 1 2 3 |  3.5
Stealth        | 1 2 3 |  3.5
Shields        | 1 2 3 |  3.5
Spellcasting   | 1 2 3 |  3.5
Evocations     | 1 2 3 |  3.5
Conjurations   | 1 2 |  2.9
Hexes          | 1 2 |  2.9
Summonings     | 1 2 |  2.9
Necromancy     | 1 2 |  2.9
Translocations | 1 2 |  2.9
Transmutations | 1 2 |  2.9
Fire Magic     | 1 2 |  2.9
Ice Magic      | 1 2 |  2.9
Air Magic      | 1 2 |  2.9
Earth Magic    | 1 2 |  2.9
Poison Magic   | 1 2 |  2.9
Fighting       | 3 4 |  4.4
Dodging        | 5 |  5.9
Unarmed Combat | 7 |  7.5
Shapeshifting  | 7 |  7.3

Action                     |  1- 3 |  4- 6 |  7- 9 || total
---------------------------+-------+-------+-------++-------
  Melee: Unarmed           |    69 |   100 |   273 ||   442
         Bite              |     7 |     7 |    38 ||    52
         Punch             |       |       |     6 ||     6
    Use: Potion            |       |     3 |     1 ||     4
   Stab: Sleeping          |       |     1 |     1 ||     2
 Armour: Animal skin       |    31 |    46 |   116 ||   193
         Skin              |       |    19 |       ||    19
  Dodge: Dodged            |    53 |    61 |   124 ||   238
  Block: Other             |       |       |    30 ||    30
   Form: Beast             |       |       |     1 ||     1
         Flux              |       |       |     1 ||     1

Table legend: (Time is in decaauts)
 A = Elapsed time spent in this place.
 B = Non-inter-level travel time spent in this place.
 C = Inter-level travel time spent in this place.
 D = Time resting spent in this place.
 E = Time spent auto-exploring this place.
 F = Levels seen in this place.
 G = Mean time per level.
                   A        B        C        D        E       F      G
               +--------+--------+--------+--------+--------+-----+--------+
         Total |   3917 |   3821 |     96 |    634 |   1777 |   6 |  652.8 |
       Dungeon |   3485 |   3389 |     96 |    450 |   1777 |   5 |  697.0 |
       Ossuary |    431 |    431 |      0 |    184 |      0 |   1 |  431.0 |
               +--------+--------+--------+--------+--------+-----+--------+

Top non-repeatable levels by time:
     D:4: 1164 daAuts
     D:3: 766 daAuts
     D:2: 731 daAuts
     D:1: 717 daAuts
 Ossuary: 431 daAuts
     D:5: 104 daAuts
